Unix NetHack Version 5.0.0-0 post-release - last build May 23 2026 06:08:33 (1c0ff79ee797540d5714e4e18072db0edd9e58ae,branch:main).

Game began 2026-05-23 17:28:51, ended 2026-05-23 18:12:49.

Haxasaurus, neutral male gnomish Wizard

                                                                 ------
                                                              ----....-------
                                                              |.....|....--.|
                                                              |@f..---...)*.--
                                                          -----e.|.| --...)..--
                                                          |......|--  ---..^.<|
                                                       .....----.|      ---...|
                                                 -........|.|  |.|        -----
                                               .........---.|  |.|
                                          .............    .|  |.--
                                          -..........      --  |..------
                                         |.. --.....-          --......|
                                         |    |....             ------.|
                                              --.                   --.|
                                               --                   |..|
                                                                    |..|
                                                                    ----

Haxasaurus the Thaumaturge  St:10 Dx:13 Co:15 In:18 Wi:11 Ch:12  Neutral
Dlvl:5  $:98 HP:0(42) Pw:60(80) AC:7  Xp:6/585 T:3988  Starved 

Latest messages:
 You see here 12 darts.
 You see here a dagger.
 Pringle drops a yellowish brown gem.
 You miss the gecko.
 Wizard needs food, badly!
 You kill the gecko!
 You see here 2 food rations.
 t - 2 food rations (4 in total).
 You swap places with Pringle.
 You hear crashing rock.
 You are too hungry to cast that spell.
 You hit the floating eye.
 You are frozen by the floating eye's gaze!
 Pringle bites the floating eye.
 Pringle is frozen by the floating eye's gaze!
 You hear crashing rock.
 Pringle bites the floating eye.
 You hear crashing rock.
 You hear crashing rock.
 Pringle bites the floating eye.
 Pringle is frozen by the floating eye's gaze!
 You hear crashing rock.
 You can move again.
 You are too hungry to cast that spell.
 You faint from lack of food.
 You regain consciousness.
 You faint from lack of food.
 Pringle misses the floating eye.
 Pringle is frozen by the floating eye's gaze!
 You regain consciousness.
 You can hear again.
 You faint from lack of food.
 You regain consciousness.
 You are too hungry to cast that spell.
 You hit the floating eye!
 You are frozen by the floating eye's gaze!
 You hear crashing rock.
 Pringle misses the floating eye.
 Pringle is frozen by the floating eye's gaze!
 You hear crashing rock.
 You can move again.
 You are too hungry to cast that spell.
 You hit the floating eye.
 You are frozen by the floating eye's gaze!
 You die from starvation.
 Do you want your possessions identified? y
 Do you want to see your attributes? n
 Do you want an account of creatures vanquished? n
 Do you want to see your conduct and achievements? n
 Do you want to see the dungeon overview? n

Inventory:
 Coins    ('$')
  $ - 98 gold pieces
 Weapons  (')')
  p - a +0 dagger (alternate weapon; not wielded)
  w - 2 +0 orcish daggers
  a - a blessed +1 quarterstaff (weapon in hands)
 Armor    ('[')
  x - an uncursed +1 orcish helm (being worn)
  U - an uncursed +0 orcish helm
  b - a blessed +0 cloak of magic resistance (being worn)
 Comestibles  ('%')
  t - 4 uncursed food rations
  E - an uncursed tripe ration
 Scrolls  ('?')
  s - an uncursed scroll of confuse monster
  q - an uncursed scroll of enchant weapon
  I - an uncursed scroll of food detection
  G - an uncursed scroll of genocide
  h - 2 uncursed scrolls of identify
  i - an uncursed scroll of magic mapping
  j - an uncursed scroll of taming
 Spellbooks  ('+')
  k - a blessed spellbook of force bolt
  l - a blessed spellbook of sleep
 Potions  ('!')
  z - an uncursed potion of confusion
  H - an uncursed potion of gain ability
  C - a cursed potion of gain ability
  u - an uncursed potion of gain energy
  o - 2 uncursed potions of monster detection
  g - 2 uncursed potions of paralysis
  M - a potion of holy water
 Rings    ('=')
  d - an uncursed ring of free action
  e - an uncursed ring of polymorph control
  T - an uncursed ring of sustain ability
 Wands    ('/')
  c - a wand of cancellation (0:5)
  P - a wand of digging (0:6)
  F - a wand of light (0:11)
  B - a wand of sleep (0:3)
 Tools    ('(')
  K - an uncursed brass lantern
  m - a magic marker (0:19)
 Gems/Stones  ('*')
  v - an uncursed worthless piece of green glass
  N - an uncursed worthless piece of violet glass
  Q - an uncursed worthless piece of yellowish brown glass
  A - a cursed worthless piece of yellowish brown glass

Haxasaurus the Wizard's attributes:

Background:
 You were a Thaumaturge, a level 6 male gnomish Wizard.
 You were neutral, nominally on a mission for Thoth
 who was opposed by Ptah (lawful) and Anhur (chaotic).
 You were right-handed.
 You were in the Gnomish Mines, on level 5.
 You entered the dungeon 3988 turns ago.
 You had 585 experience points, 55 more were needed to attain level 7.

Basics:
 You had 0 out of 42 hit points.
 You had 60 out of 80 energy points (spell power).
 Your armor class was 7.
 Your wallet contained 98 zorkmids.
 Autopickup was on for '$"=/!?' plus thrown, with exceptions.

Final Characteristics:
 Your strength was 10 (base:11, limit:18/50).
 Your dexterity was 13 (limit:18).
 Your constitution was 15 (limit:18).
 Your intelligence was 18 (limit:19).
 Your wisdom was 11 (limit:18).
 Your charisma was 12 (limit:18).

Final Status:
 You were starved.
 You were unencumbered.
 You were wielding a quarterstaff.
 You had basic skill with quarterstaff and could have enhanced that.

Final Attributes:
 You were piously aligned.
 You were magic-protected.
 You had infravision.
 You were warded.
 You are dead.

Miscellaneous:
 You didn't encounter any bones levels.
 Total elapsed playing time was 43 minutes and 55 seconds.

Major events:
 Turn
    1: Haxasaurus the neutral male gnomish Wizard entered the dungeon
 1319: attained the rank of Conjurer (level 3)
 1342: entered the Gnomish Mines
 2705: attained the rank of Thaumaturge (level 6)
 3988: died of starvation, while frozen by a floating eye's gaze

Spells:
 Name                 Level Category     Fail Retention
 force bolt             1   attack         0%   81%-90%
 sleep                  3   enchantment    0%   81%-90%

Skills:
 Fighting Skills
   bare handed combat [Unskilled]
   riding             [Unskilled]
 Weapon Skills
   dagger             [Unskilled]
   knife              [Unskilled]
   axe                [Unskilled]
   short sword        [Unskilled]
   club               [Unskilled]
   mace               [Unskilled]
   quarterstaff       [Basic]
   polearms           [Unskilled]
   spear              [Unskilled]
   trident            [Unskilled]
   sling              [Unskilled]
   dart               [Unskilled]
   shuriken           [Unskilled]
 Spellcasting Skills
   attack spells      [Basic]
   healing spells     [Unskilled]
   divination spells  [Unskilled]
   enchantment spells [Basic]
   clerical spells    [Unskilled]
   escape spells      [Unskilled]
   matter spells      [Unskilled]

Voluntary challenges:
 Character rerolling was not enabled.
 You were an atheist.
 You never genocided any monsters.
 You never polymorphed an object.
 You never changed form.
 You used no wishes.
Achievements:
 You attained the rank of Conjurer.
 You entered the Gnomish Mines.
 You attained the rank of Thaumaturge.

 The Dungeons of Doom: levels 1 to 7
    Level 1:
       Many fountains.
    Level 2: "locked shop"
       A fountain.
    Level 3:
    Level 4:
       A fountain.
       Stairs down to The Gnomish Mines.
    Level 5:
       Some fountains.
    Level 6:
       A throne, a sink, a grave.
    Level 7:
       Many fountains.
 The Gnomish Mines:
    Level 5: <- You were here.
       Final resting place for
          you, died of starvation, while frozen by a floating eye's gaze.


Vanquished creatures:
  6 small mimics
  a dust vortex
  a wood nymph
  4 Mordor orcs
  4 Uruk-hai
  a fog cloud
  2 yellow lights
  a gnome leader
  2 elf zombies
  2 ghouls
  3 giant ants
  a floating eye
  a kitten
  3 iguanas
  a coyote
  a gas spore
  a hobbit
  2 manes
  a large kobold
  2 giant rats
  a yellow mold
  a green mold
  2 red molds
  a gnome
  a gnome zombie
  2 geckos
  2 jackals
  a fox
  2 kobolds
  3 goblins
  2 sewer rats
  2 grid bugs
  3 lichens
  3 kobold zombies
 11 newts
77 creatures vanquished.

No species were genocided or became extinct.

Game over:
                       ----------
                      /          \
                     /    REST    \
                    /      IN      \
                   /     PEACE      \
                  /                  \
                  |    Haxasaurus    |
                  |      98 Au       |
                  |     died of      |
                  |    starvation    |
                  |                  |
                  |                  |
                  |       2026       |
                 *|     *  *  *      | *
        _________)/\\_//(\/(/\)/\//\/|_)_______

Goodbye Haxasaurus the Wizard...

You starved in The Gnomish Mines on dungeon level 5 with 2759 points,
and 98 pieces of gold, after 3988 moves.
You were level 6 with a maximum of 42 hit points when you starved.

